TOP OF THE 1ST |
---|
St. Louis Browns batting - Pitching for Jersey Shore D-Bags : RHP José Ramos | Pitching: RHP José Ramos | | Batting: RHB José Flores | 0-0: Called Strike 0-1: Ground out 6-3 (Groundball, 6) | Batting: LHB Marvin Morris | 0-0: Swinging Strike 0-1: Foul Ball, location: 2F 0-2: Strikes out swinging | Batting: LHB Mike Hill | 0-0: Ground out U3 (Groundball, 3L) | Top of the 1st over - 0 runs, 0 hits, 0 errors, 0 left on base; St. Louis 0 - Jersey Shore 0 | BOTTOM OF THE 1ST |
---|
Jersey Shore D-Bags batting - Pitching for St. Louis Browns : LHP Luis Noriega | Pitching: LHP Luis Noriega | | Batting: RHB Ricardo González | 0-0: Called Strike 0-1: Ball 1-1: SINGLE (Groundball, 56D) | Batting: RHB Lowie van den Bogaert | 0-0: Ball 1-0: Fielders Choice at 2nd, 1-4 (Groundball, 15) | Batting: RHB Ben Morton | 0-0: Called Strike 0-1: 2-RUN HOME RUN (Flyball, 7D), Distance : 360 ft | Batting: RHB Miguel Serna | 0-0: Called Strike 0-1: Ball 1-1: SOLO HOME RUN (Flyball, 78XD), Distance : 393 ft | Batting: LHB António Cedeño | 0-0: Swinging Strike 0-1: Ball 1-1: Foul Ball, location: 2F 1-2: Strikes out swinging | Batting: RHB Mike Ingram | 0-0: Called Strike 0-1: Ball 1-1: Called Strike 1-2: Ground out 5-3 (Groundball, 5) | Bottom of the 1st over - 3 runs, 3 hits, 0 errors, 0 left on base; St. Louis 0 - Jersey Shore 3 | TOP OF THE 2ND |
---|
St. Louis Browns batting - Pitching for Jersey Shore D-Bags : RHP Barry Garner | Pitching: RHP Barry Garner | | Batting: RHB Adrian Prouse | 0-0: Ball 1-0: Ball 2-0: Ground out 5-3 (Groundball, 56S) | Batting: RHB Anthony Rucker | 0-0: Ball 1-0: Ball 2-0: Ball 3-0: Base on Balls | Batting: LHB Dave Watson | 0-0: Ball 1-0: Ball 2-0: Ball 3-0: Called Strike 3-1: SINGLE (Flyball, 78S) Anthony Rucker to second | Batting: RHB Jeff Jones | 0-0: Called Strike 0-1: Ball 1-1: Ball 2-1: Called Strike 2-2: SINGLE (Line Drive, 6MD) Anthony Rucker to third Dave Watson to second | Batting: RHB Octávio Marín | 0-0: Foul Ball, location: 2F 0-1: Ground out 5-3 (Groundball, 56S) Anthony Rucker scores Dave Watson to third Jeff Jones to second | Batting: RHB Manuel Alonso | 0-0: Ball 1-0: Foul Ball, location: 2F 1-1: Ball 2-1: Foul Ball, location: 2F 2-2: Ball 3-2: Strikes out looking | Top of the 2nd over - 1 run, 2 hits, 0 errors, 2 left on base; St. Louis 1 - Jersey Shore 3 | BOTTOM OF THE 2ND |
---|
Jersey Shore D-Bags batting - Pitching for St. Louis Browns : LHP Luis Noriega | Batting: RHB Pat Fullerton | 0-0: Ball 1-0: Bunted foul 1-1: Called Strike 1-2: Foul Ball, location: 2F 1-2: Strikes out swinging | Batting: LHB Marcos Villarreal | 0-0: Ball 1-0: Foul Ball, location: 2F 1-1: Foul Ball, location: 2F 1-2: Strikes out swinging | Batting: RHB Tetsunori Ito | 0-0: Called Strike 0-1: Swinging Strike 0-2: Foul Ball, location: 2F 0-2: Ball 1-2: Foul Ball, location: 2F 1-2: Foul Ball, location: 2F 1-2: Foul Ball, location: 2F 1-2: Foul Ball, location: 2F 1-2: Foul Ball, location: 2F 1-2: Ball 2-2: Foul Ball, location: 2F 2-2: Strikes out looking | Bottom of the 2nd over - 0 runs, 0 hits, 0 errors, 0 left on base; St. Louis 1 - Jersey Shore 3 | TOP OF THE 3RD |
---|
St. Louis Browns batting - Pitching for Jersey Shore D-Bags : RHP Barry Garner | Batting: RHB José Flores | 0-0: SINGLE (Groundball, 56D) | Batting: LHB Marvin Morris | 0-0: Called Strike 0-1: Called Strike 0-2: 2-RUN HOME RUN (Flyball, 9D), Distance : 371 ft | Batting: LHB Mike Hill | 0-0: Ball 1-0: SINGLE (Groundball, 6MD) | Batting: RHB Adrian Prouse | 0-0: Ball 1-0: Called Strike 1-1: Fly out, F8 (Flyball, 8RD) | Batting: RHB Anthony Rucker | 0-0: Called Strike 0-1: Fielders Choice at 2nd, 1-4 (Groundball, 15S) | Batting: LHB Dave Watson | 0-0: Ball 1-0: Called Strike 1-1: Ball 2-1: SINGLE (Groundball, 3) (infield hit) Anthony Rucker to second | Batting: RHB Jeff Jones | 0-0: Ball 1-0: Ball 2-0: Foul Ball, location: 2F 2-1: Foul Ball, location: 2F 2-2: Ball Wild Pitch! Anthony Rucker to third Dave Watson to second 3-2: Base on Balls | Batting: RHB Octávio Marín | 0-0: Called Strike 0-1: Foul Ball, location: 2F 0-2: Strikes out swinging | Top of the 3rd over - 2 runs, 4 hits, 0 errors, 3 left on base; St. Louis 3 - Jersey Shore 3 | BOTTOM OF THE 3RD |
---|
Jersey Shore D-Bags batting - Pitching for St. Louis Browns : LHP Luis Noriega | Batting: RHB Ricardo González | 0-0: Foul Ball, location: 2F 0-1: Ball 1-1: Foul Ball, location: 2F 1-2: Ground out 4-3 (Groundball, 4M) | Batting: RHB Lowie van den Bogaert | 0-0: Swinging Strike 0-1: Swinging Strike 0-2: Ball 1-2: Strikes out swinging | Batting: RHB Ben Morton | 0-0: Called Strike 0-1: Ball 1-1: Fly out, F7 (Flyball, 7D) | Bottom of the 3rd over - 0 runs, 0 hits, 0 errors, 0 left on base; St. Louis 3 - Jersey Shore 3 | TOP OF THE 4TH |
---|
St. Louis Browns batting - Pitching for Jersey Shore D-Bags : RHP Barry Garner | Batting: RHB Manuel Alonso | 0-0: Called Strike 0-1: Foul Ball, location: 2F 0-2: Ball 1-2: Foul Ball, location: 2F 1-2: Foul Ball, location: 2F 1-2: Fly out, F8 (Flyball, 89M) | Batting: RHB José Flores | 0-0: Ball 1-0: Called Strike 1-1: Foul Ball, location: 2F 1-2: Ball 2-2: Foul Ball, location: 2F 2-2: Fly out, F9 (Flyball, 89S) | Batting: LHB Marvin Morris | 0-0: Hit by Pitch | Batting: LHB Mike Hill | 0-0: Ball 1-0: Ball 2-0: Ground out 4-3 (Groundball, 4) | Top of the 4th over - 0 runs, 0 hits, 0 errors, 1 left on base; St. Louis 3 - Jersey Shore 3 | BOTTOM OF THE 4TH |
---|
Jersey Shore D-Bags batting - Pitching for St. Louis Browns : LHP Luis Noriega | Batting: RHB Miguel Serna | 0-0: Ball 1-0: Ball 2-0: Called Strike 2-1: Ball 3-1: Base on Balls | Batting: LHB António Cedeño | 0-0: Called Strike 0-1: Ball 1-1: Swinging Strike 1-2: 2-RUN HOME RUN (Flyball, 9D), Distance : 368 ft | Batting: RHB Mike Ingram | 0-0: Ball 1-0: Ball 2-0: Foul Ball, location: 2F 2-1: Ground out 4-3 (Groundball, 4) | Batting: RHB Pat Fullerton | 0-0: Ball 1-0: Called Strike 1-1: Foul Ball, location: 2F 1-2: Foul Ball, location: 2F 1-2: Ball 2-2: Ball 3-2: TRIPLE (Flyball, 8LXD) | Batting: LHB Marcos Villarreal | 0-0: Foul Ball, location: 2F 0-1: Called Strike 0-2: Strikes out swinging | Batting: RHB Tetsunori Ito | 0-0: Called Strike 0-1: Ball 1-1: Fly out, F3 (Line Drive, 3S) | Bottom of the 4th over - 2 runs, 2 hits, 0 errors, 1 left on base; St. Louis 3 - Jersey Shore 5 | TOP OF THE 5TH |
---|
St. Louis Browns batting - Pitching for Jersey Shore D-Bags : RHP Barry Garner | Batting: RHB Adrian Prouse | 0-0: Called Strike 0-1: Ball 1-1: Ground out 6-3 (Groundball, 56) | Pitching: LHP Ramón Ruíz | | Batting: RHB Anthony Rucker | 0-0: Ball 1-0: Called Strike 1-1: Ball 2-1: Ball 3-1: Base on Balls | Batting: LHB Dave Watson | 0-0: Called Strike 0-1: Called Strike 0-2: Grounds into double play, 6-4-3 (Groundball, 6) | Top of the 5th over - 0 runs, 0 hits, 0 errors, 0 left on base; St. Louis 3 - Jersey Shore 5 | BOTTOM OF THE 5TH |
---|
Jersey Shore D-Bags batting - Pitching for St. Louis Browns : LHP Luis Noriega | Batting: RHB Ricardo González | 0-0: Ball 1-0: Ball 2-0: Ball 3-0: Called Strike 3-1: Base on Balls | Batting: RHB Lowie van den Bogaert | 0-0: Foul Ball, location: 2F 0-1: Ball 1-1: Swinging Strike 1-2: Fly out, F8 (Line Drive, 8LD) | Batting: RHB Ben Morton | 0-0: Ball 1-0: Ball 2-0: Swinging Strike 2-1: Called Strike 2-2: Grounds into double play, 4-6-3 (Groundball, 4) | Bottom of the 5th over - 0 runs, 0 hits, 0 errors, 0 left on base; St. Louis 3 - Jersey Shore 5 | TOP OF THE 6TH |
---|
St. Louis Browns batting - Pitching for Jersey Shore D-Bags : LHP Ramón Ruíz | Batting: RHB Jeff Jones | 0-0: Called Strike 0-1: Swinging Strike 0-2: Ball 1-2: Ball 2-2: Ball 3-2: Ground out 4-3 (Groundball, 34) | Batting: RHB Octávio Marín | 0-0: Fly out, F9 (Flyball, 9LD) | Batting: RHB Manuel Alonso | 0-0: Fly out, F4 (Line Drive, 4MD) | Top of the 6th over - 0 runs, 0 hits, 0 errors, 0 left on base; St. Louis 3 - Jersey Shore 5 | BOTTOM OF THE 6TH |
---|
Jersey Shore D-Bags batting - Pitching for St. Louis Browns : LHP Luis Noriega | Pitching: RHP Bob Cunningham | | Batting: RHB Miguel Serna | 0-0: Ball 1-0: Ball 2-0: Foul Ball, location: 2F 2-1: Foul Ball, location: 2F 2-2: Ball 3-2: Strikes out looking | Batting: LHB António Cedeño | 0-0: Called Strike 0-1: Ball 1-1: Ball 2-1: Ball 3-1: Base on Balls | Batting: RHB Mike Ingram | 0-0: Ball 1-0: Ball 2-0: Called Strike 2-1: Foul Ball, location: 2F 2-2: DOUBLE (Line Drive, 7LM) António Cedeño to third | Batting: RHB Pat Fullerton | 0-0: Ball 1-0: Foul Ball, location: 2F 1-1: Swinging Strike 1-2: Fly out, F7 (Flyball, 7D) Runner from 3rd tags up, SCORES, throw made | Batting: LHB Marcos Villarreal | 0-0: Ball 1-0: Ball 2-0: Foul Ball, location: 2F 2-1: DOUBLE (Line Drive, 89XD) Mike Ingram scores | Batting: RHB Tetsunori Ito | 0-0: Fly out, F5 (Popup, 25F) | Bottom of the 6th over - 2 runs, 2 hits, 0 errors, 1 left on base; St. Louis 3 - Jersey Shore 7 | TOP OF THE 7TH |
---|
St. Louis Browns batting - Pitching for Jersey Shore D-Bags : LHP Ramón Ruíz | Batting: RHB José Flores | 0-0: Ground out 5-3 (Groundball, 56S) | Batting: LHB Marvin Morris | 0-0: Ball 1-0: Called Strike 1-1: Ball 2-1: Foul Ball, location: 2F 2-2: Strikes out swinging | Batting: LHB Mike Hill | 0-0: Called Strike 0-1: Called Strike 0-2: Fly out, F5 (Line Drive, 56S) | Top of the 7th over - 0 runs, 0 hits, 0 errors, 0 left on base; St. Louis 3 - Jersey Shore 7 | BOTTOM OF THE 7TH |
---|
Jersey Shore D-Bags batting - Pitching for St. Louis Browns : RHP Bob Cunningham | Batting: RHB Ricardo González | 0-0: Ground out 4-3 (Groundball, 4M) | Batting: RHB Lowie van den Bogaert | 0-0: Called Strike 0-1: Ground out 6-3 (Groundball, 6) | Batting: RHB Ben Morton | 0-0: Fly out, F9 (Flyball, 89D) | Bottom of the 7th over - 0 runs, 0 hits, 0 errors, 0 left on base; St. Louis 3 - Jersey Shore 7 | TOP OF THE 8TH |
---|
St. Louis Browns batting - Pitching for Jersey Shore D-Bags : LHP Ramón Ruíz | Batting: RHB Adrian Prouse | 0-0: Ball 1-0: Called Strike 1-1: Ball 2-1: SINGLE (Line Drive, 7S) | Batting: RHB Anthony Rucker | 0-0: Ball 1-0: Fly out, F7 (Flyball, 7D) | Batting: LHB Dave Watson | 0-0: Ball 1-0: Swinging Strike 1-1: Called Strike 1-2: Foul Ball, location: 2F 1-2: SINGLE (Line Drive, 9LS) Adrian Prouse to second | Batting: RHB Jeff Jones | 0-0: Ball 1-0: Ball 2-0: Called Strike 2-1: Ball 3-1: Base on Balls Adrian Prouse to third Dave Watson to second | Batting: RHB Octávio Marín | 0-0: Called Strike 0-1: Foul Ball, location: 2F 0-2: Ball 1-2: Ball 2-2: Strikes out swinging | Batting: RHB Manuel Alonso | 0-0: Fielders Choice at 2nd, 6-4 (Groundball, 6) | Top of the 8th over - 0 runs, 2 hits, 0 errors, 3 left on base; St. Louis 3 - Jersey Shore 7 | BOTTOM OF THE 8TH |
---|
Jersey Shore D-Bags batting - Pitching for St. Louis Browns : RHP Bob Cunningham | Batting: RHB Miguel Serna | 0-0: Fly out, F5 (Flyball, 5D) | Batting: LHB António Cedeño | 0-0: Ball 1-0: Ball 2-0: Foul Ball, location: 2F 2-1: Foul Ball, location: 2F 2-2: Fly out, F3 (Line Drive, 3) | Batting: RHB Mike Ingram | 0-0: Ground out U3 (Groundball, 34) | Bottom of the 8th over - 0 runs, 0 hits, 0 errors, 0 left on base; St. Louis 3 - Jersey Shore 7 | TOP OF THE 9TH |
---|
St. Louis Browns batting - Pitching for Jersey Shore D-Bags : LHP Ramón Ruíz | Batting: RHB José Flores | 0-0: Called Strike 0-1: Ball 1-1: Swinging Strike 1-2: Strikes out looking | Batting: LHB Marvin Morris | 0-0: Ball 1-0: Ball 2-0: Ball 3-0: Called Strike 3-1: Base on Balls | Pitching: RHP Cristóbal Santos | | Batting: LHB Mike Hill | 0-0: Called Strike 0-1: 2-RUN HOME RUN (Flyball, 89XD), Distance : 417 ft | Pitching: LHP Gerald Johnson | | Batting: RHB Adrian Prouse | 0-0: Called Strike 0-1: Ball 1-1: Ball 2-1: Foul Ball, location: 2F 2-2: Fly out, F9 (Flyball, 9S) | Batting: RHB Anthony Rucker | 0-0: Ball 1-0: Called Strike 1-1: Ball 2-1: Ball 3-1: Called Strike 3-2: Fly out, F5 (Line Drive, 5) | Top of the 9th over - 2 runs, 1 hit, 0 errors, 0 left on base; St. Louis 5 - Jersey Shore 7 | |